 Dungeon Crawl Stone Soup version 0.29.1-15-g9cfb28693d (webtiles) character file.

Game seed: 12294983582343280079

1 HOAXBANE2 the Charlatan (level 1, 0/9 HPs)
             Began as a Spriggan Artificer on Mar 28, 2023.
             Slain by a bat (1 damage)
             ... on level 1 of the Dungeon.
             The game lasted 00:01:39 (300 turns).

HOAXBANE2 the Charlatan (Spriggan Artificer)         Turns: 300, Time: 00:01:40

Health: 0/9        AC:  2    Str:  8    XL:     1   Next: 16%
Magic:  2/2        EV: 17    Int: 12    God:
Gold:   36         SH:  0    Dex: 15    Spells: 0/0 levels left

rFire   . . .      SeeInvis +   a - +0 club
rCold   . . .      Faith    .   (no shield)
rNeg    . . .      Spirit   .   b - +0 robe
rPois   .          Reflect  .   (helmet restricted)
rElec   .          Harm     .   (no cloak)
rCorr   .          Rampage  .   (gloves unavailable)
Will    .....                   (boots unavailable)
Stlth   ++........              (no amulet)
HPRegen 0.03/turn               (no ring)
MPRegen 0.08/turn               (no ring)

@: very quick
A: very small, no large weapons, unfitting armour, see invisible, speed 3
a: no special abilities


You were on level 1 of the Dungeon.
You visited 1 branch of the dungeon, and saw 1 of its levels.

You collected 36 gold pieces.

Inventory:

Hand Weapons
 a - a +0 club (weapon)
Armour
 b - a +0 robe (worn)
Wands
 c - a wand of flame (15) (quivered)
 d - a wand of charming (15)
 e - a wand of iceblast (5)
Scrolls
 g - a scroll of immolation {unknown}
Potions
 f - 2 potions of brilliance {unknown}


   Skills:
 + Level 0.8 Fighting
 + Level 3.2 Dodging
 + Level 1.6 Stealth
 + Level 4.0 Evocations


You couldn't memorise any spells.
You didn't know any spells.
Your spell library was empty.

Dungeon Overview and Level Annotations

Branches:
Dungeon (1/15)

Altars:


Innate Abilities, Weirdness & Mutations

You are very small and have problems with some larger weapons.
You are too small for most types of armour.
You have supernaturally acute eyesight. (SInv)
You cover ground extremely quickly. (Speed+++)


Message History

Found a leather armour.
You hit the bat but do no damage. The bat barely misses you.
The bat attacks as you move away! The bat closely misses you.
You hit the bat but do no damage. The bat closely misses you. x2
The bat attacks as you move away! The bat completely misses you.
The bat misses you. The bat hits you but does no damage.
Things that are here:
a +0 club; a kobold corpse The bat misses you.
The bat attacks as you move away! The bat hits you but does no damage.
The bat barely misses you. The bat attacks as you move away! The bat hits you.
* * * LOW HITPOINT WARNING * * *
The bat barely misses you. The bat attacks as you move away!
The bat misses you. The bat barely misses you.
You closely miss the bat. The bat closely misses you. The bat misses you.
You barely miss the bat. The bat closely misses you.
Aiming: Throw Flame
Press: ? - help, Shift-Dir - straight line, f - bat
Aim: a bat (57% to hit)
Okay, then.
Unknown command.
You hit the bat but do no damage. You punch the bat.
The bat is severely wounded.
The bat barely misses you. The bat closely misses you.
The bat barely misses you.
You completely miss the bat.
The bat is heavily wounded.
The bat closely misses you. The bat misses you.
You closely miss the bat.
The bat is moderately wounded.
The bat hits you.
* * * LOW HITPOINT WARNING * * *
The bat hits you but does no damage. The bat completely misses you.
The bat attacks as you move away! The bat closely misses you. The bat hits you.
You die...

#..♣≈≈≈#..##..........
##♣~≈≈###.##..........
######..............
#...............#
#................
#................
##..####'###......
#.....##.# #.....g
#@b...##.# #......
#....g...###.#.g..
#..............##.
####.....#####.###
###......##....
##..##.......
.....##.######
..........#
.......#.#.#


You could see a goblin and a bat.

Vanquished Creatures
  A frilled lizard (D:1)
  A kobold (D:1)
2 creatures vanquished.

Notes
Turn   | Place    | Note
-------+----------+-------------------------------------------
     0 | D:1      | HOAXBANE2 the Spriggan Artificer began the quest for the
                  | Orb.
     0 | D:1      | Reached XP level 1. HP: 9/9 MP: 2/2
   300 | D:1      | Slain by a bat

Illustrated notes

Levels and vault maps discovered:
D:1:      saegor_arrival_simple_d, layout_basic,
          hellmonk_ecumenical_altar_prayer_group, grunt_decor_fettered

Action                   || total
-------------------------++-------
Melee: Club              ||    24
       Punch             ||     1
Armor: Robe              ||     7
Dodge: Dodged            ||    35
